 Dungeon Crawl Stone Soup version 0.17-a0-957-ga3519be (webtiles) character file.

439 namelastname112 the Gusty (level 6, -5/45 HPs)
             Began as a Draconian Air Elementalist on May 7, 2015.
             Slain by an ogre
             ... wielding a +0 giant club
              (14 damage)
             ... on level 4 of the Dungeon.
             The game lasted 00:09:03 (3245 turns).

namelastname112 the Gusty (DrAE)                    Turns: 3245, Time: 00:09:03

Health: -5/45      AC:  6    Str: 11    XL:     6   Next: 70%
Magic:  4/11       EV: 12    Int: 17    God:
Gold:   143        SH:  0    Dex: 11    Spells: 2 memorised, 9 levels left

rFire  . . .     SeeInvis .     n - +1 dagger (speed)
rCold  . . .     Clarity  .     (armour unavailable)
rNeg   . . .     SustAb   .     (no shield)
rPois  .         Gourm    .     (helmet restricted)
rElec  .         Spirit   .     (no cloak)
rCorr  .         Warding  .     (no gloves)
rMut   .         Stasis   .     (no boots)
MR     .....                    (no amulet)
Stlth  ++........               (no ring)
                                (no ring)

@: not resistant to hostile enchantments, unstealthy
A: unfitting armour, cold-blooded, AC +6
a: no special abilities


You were on level 4 of the Dungeon.
You were not hungry.

You visited 1 branch of the dungeon, and saw 4 of its levels.

You collected 143 gold pieces.

Inventory:

Hand weapons
 n - a +1 dagger of speed (weapon)
Jewellery
 o - an uncursed amulet of guardian spirit
Scrolls
 d - a scroll of magic mapping {unknown}
 e - 3 scrolls of enchant armour {unknown}
 f - 2 scrolls of enchant weapon {unknown}
 g - a scroll of recharging {unknown}
 h - 2 scrolls of remove curse {unknown}
 i - 2 scrolls of noise {unknown}
 j - 2 scrolls of fear {unknown}
 k - 2 scrolls of amnesia {unknown}
 l - 5 scrolls of identify {unknown}
 r - a scroll of teleportation {unknown}
Potions
 m - 4 potions of curing {unknown}
 q - a potion of heal wounds
 s - a potion of might {unknown}
 t - a potion of resistance {unknown}
Books
 a - a book of Air

   Spells                             Type                      Level
   a - Shock                          Conjuration/Air              1
   b - Swiftness                      Charms/Air                   2
   c - Repel Missiles                 Charms/Air                   2
   d - Flight                         Charms/Air                   3
   e - Static Discharge               Conjuration/Air              3
   f - Lightning Bolt                 Conjuration/Air              5
Comestibles
 b - 3 bread rations
 c - 5 fruits
 p - 2 meat rations


   Skills:
 - Level 1.7 Dodging
 - Level 1.7 Stealth
 + Level 3.9 Spellcasting
 + Level 4.2 Conjurations
 + Level 5.0 Air Magic


You had 9 spell levels left.
You knew the following spells:

 Your Spells              Type           Power        Failure   Level  Hunger
a - Swiftness             Chrm/Air       ##......     12%         2    ##.....
z - Shock                 Conj/Air       ###.         2%          1    None


Dungeon Overview and Level Annotations

Branches:
Dungeon (4/15)             Temple (0/1) D:4

Altars:
Kikubaaqudgha

Annotations:
D:4 Eustachio


Innate Abilities, Weirdness & Mutations

Your plain brown scales are hard (AC +6).
Your body does not fit into most forms of armour.
You are cold-blooded and may be slowed by cold attacks.


Message History

The ogre is severely wounded.
The ogre hits you with a giant club!!
Ouch! That really hurt!
* * * LOW HITPOINT WARNING * * *
Casting: Shock
Confirm with . or Enter, or press ? or * to list all spells.
Aiming: Shock
Press: ? - help, Shift-Dir - straight line, f/p - ogre
Aim: an ogre, wielding a giant club (severely wounded)
The zap hits the ogre.
The ogre is severely wounded.
Casting: Shock
Confirm with . or Enter, or press ? or * to list all spells.
Aiming: Shock
Press: ? - help, Shift-Dir - straight line, f/p - ogre
Aim: an ogre, wielding a giant club (severely wounded)
The zap hits the ogre.
The ogre is almost dead.
The ogre hits you with a giant club!
You die...

.≈≈≈.#.# .≈≈###'#
.≈≈#...##########################
.≈≈#.g.#...................†.....
.≈≈#####≈≈≈≈≈≈≈≈≈≈÷≈≈≈≈≈≈≈≈≈≈≈≈≈≈
.≈≈≈≈≈≈≈≈≈≈≈≈≈≈≈≈≈≈≈≈≈≈≈≈≈≈≈≈≈≈≈≈
.≈≈≈≈≈≈≈≈≈≈≈≈≈≈≈≈≈≈≈≈≈≈≈≈≈≈≈≈≈≈≈≈
...........P.)÷÷............P....
...P...........O@.............P..
#################################


You could see an ogre.

Vanquished Creatures
  The ghost of oplop the Ducker, an average OpTm (D:3)
  A scorpion (D:4)
  6 adders
  8 gnolls (D:4)
  An adder skeleton (D:4)
  3 worms
  3 giant geckos
  9 bats
  4 giant cockroaches
  8 hobgoblins
  16 jackals (D:4)
  A quokka (D:2)
  2 giant newts (D:2)
  6 goblins
  3 kobolds
  7 rats
79 creatures vanquished.

Notes
Turn   | Place    | Note
--------------------------------------------------------------
     0 | D:1      | namelastname112, the Draconian Air Elementalist, began the quest for the Orb.
     0 | D:1      | Reached XP level 1. HP: 14/14 MP: 3/3
   447 | D:1      | Reached XP level 2. HP: 20/20 MP: 3/5
   979 | D:2      | Reached XP level 3. HP: 26/26 MP: 2/6
  1604 | D:3      | Noticed oplop's ghost (average OpTm)
  1623 | D:3      | Killed oplop's ghost
  1623 | D:3      | Reached skill level 4 in Air Magic
  1623 | D:3      | Reached XP level 4. HP: 24/33 MP: 0/9
  1623 | D:3      | Reached XP level 5. HP: 27/38 MP: 0/10
  2177 | D:3      | Learned a level 2 spell: Swiftness
  2365 | D:4      | Found a staircase to the Ecumenical Temple.
  2380 | D:4      | Reached XP level 6. HP: 45/45 MP: 5/11
  2502 | D:4      | Found an ancient bone altar of Kikubaaqudgha.
  3083 | D:4      | Noticed Eustachio
  3108 | D:4      | Reached skill level 5 in Air Magic
  3204 | D:4      | Noticed an ogre
  3245 | D:4      | Slain by an ogre

Action                   |  1- 3 |  4- 6 || total
-------------------------+-------+-------++-------
Melee: Short sword       |    46 |       ||    46
       Dagger            |    12 |    82 ||    94
 Cast: Shock             |    61 |   109 ||   170
  Use: Potion            |       |     1 ||     1
  Eat: Chunk             |     3 |     5 ||     8
